 Dungeon Crawl Stone Soup version 0.29-a0-1023-g6ae1a4a2c7 (webtiles) character file.

Game seed: 3362419190929926561

2464 Ijustatesigmund the Magician (level 9, -4/56 HPs)
             Began as an Octopode Earth Elementalist on Aug 11, 2022.
             Was a Follower of Cheibriados.
             Shot with a sling bullet by Joseph (16 damage)
             ... on level 7 of the Dungeon.
             The game lasted 00:30:12 (8438 turns).

Ijustatesigmund the Magician (OpEE)                 Turns: 8438, Time: 00:30:13

Health: -4/56      AC:  2    Str: 16    XL:     9   Next: 50%
Magic:  13/18      EV: 13    Int: 27    God:    Cheibriados [*.....]
Gold:   155        SH: 11    Dex: 14    Spells: 11/20 levels left

rFire   . . .      SeeInvis .   l - +4 flail (holy)
rCold   . . .      Faith    .   m - +1 buckler
rNeg    . . .      Spirit   .   b - +1 hat "Gelem" {Drain Int+4 Slay+2}
rPois   .          Reflect  +   e - amulet of reflection
rElec   .          Harm     .   f - +6 ring of strength
rCorr   .          Rampage  .   (no ring)
Will    .....                   (no ring)
Stlth   +++.......              (no ring)
HPRegen 0.18/turn               (no ring)
MPRegen 0.16/turn               (no ring)
                                (no ring)
                                (no ring)

@: invisible, very slow
A: almost no armour, amphibious, 8 rings, camouflage 1, gelatinous body 1,
(nimble swimmer 1), tentacles
a: Renounce Religion, Bend Time


You were on level 7 of the Dungeon.
You worshipped Cheibriados.
Cheibriados was aware of your devotion.
You visited 2 branches of the dungeon, and saw 8 of its levels.
You also visited: Ossuary.

You collected 413 gold pieces.
You spent 258 gold pieces at shops.

Inventory:

Hand Weapons
 d - a +1 dagger of venom
 k - a +2 dagger of electrocution
 l - a +4 flail of holy wrath (weapon)
Armour
 b - the +1 hat "Gelem" (worn) {Drain Int+4 Slay+2}
   (You acquired it on level 1 of the Dungeon)

   Int:       It affects your intelligence (+4).
   Slay:      It affects your accuracy & damage with ranged weapons and melee
   (+2).
   Drain:     It drains your maximum health when unequipped.
 m - a +1 buckler (worn)
Magical Staves
 j - a staff of earth
Jewellery
 c - a ring of flight
 e - an amulet of reflection (around mantle)
 f - a +6 ring of strength (left tentacle)
Wands
 q - a wand of quicksilver (3)
 x - a wand of charming (12)
Scrolls
 h - 2 scrolls of teleportation
 i - 4 scrolls of magic mapping
 w - a scroll of amnesia
 y - 2 scrolls of blinking
 B - a scroll of identify
Potions
 a - 2 potions of magic
 g - a potion of might
 n - a potion of attraction
 r - a potion of flight
 s - a potion of degeneration {unknown}
 t - a potion of curing
 u - a potion of haste {unknown}
 v - 2 potions of brilliance {unknown}
 z - a potion of lignification {unknown}
 A - a potion of ambrosia {unknown}


   Skills:
 + Level 3.0 Fighting
 - Level 1.2 Maces & Flails
 - Level 3.3 Dodging
 - Level 2.6 Stealth
 - Level 3.4 Shields
 + Level 6.3 Spellcasting
 - Level 5.9 Conjurations
 + Level 1.6 Transmutations
 + Level 1.2 Air Magic
 - Level 5.5 Earth Magic
 + Level 1.6 Poison Magic
 + Level 1.2 Invocations
 - Level 2.7 Evocations


You had 11 spell levels left.
You knew the following spells:

 Your Spells              Type           Power      Damage    Failure   Level
a - Sandblast             Erth           76%        2d16      1%          1
b - Stone Arrow           Conj/Erth      78%        3d11      2%          3
c - Passwall              Tmut/Erth      23%        N/A       2%          2
d - Mephitic Cloud        Conj/Pois/Air  24%        N/A       8%          3

Your spell library contained the following spells:

 Spells                   Type           Power      Damage    Failure   Level
 Magic Dart               Conj           100%       1d8       1%          1
 Call Imp                 Summ           8%         N/A       12%         2
 Ensorcelled Hibernation  Hex/Ice        16%        N/A       12%         2
 Spider Form              Tmut/Pois      17%        N/A       12%         3
 Petrify                  Tmut/Erth      28%        N/A       19%         4
 Anguish                  Hex/Necr       4%         N/A       63%         4
 Lehudib's Crystal Spear  Conj/Erth      19%        10d6      100%        8
 Animate Armour           Summ/Erth      Unusable   N/A       N/A         4

Dungeon Overview and Level Annotations

Branches:
Dungeon (7/15)             Temple (1/1) D:6         Ossuary (visited)

Altars:
Ashenzari
Cheibriados
Dithmenos
Elyvilon
Fedhas
Gozag
Hepliaklqana
Kikubaaqudgha
Makhleb
Nemelex Xobeh
Okawaru
Qazlal
Ru
Sif Muna
Trog
Uskayaw
Vehumet
Wu Jian
Xom
Yredelemnul
Zin
The Shining One

Shops:
D:5 *[!*[

Portals:
Bailey: D:7

Annotations:
D:4 fly's ghost, weakling DgDe
D:7 Joseph


Innate Abilities, Weirdness & Mutations

You cannot wear most types of armour.
You are amphibious.
You can wear up to eight rings at the same time.
Your skin changes colour to match your surroundings (Stealth+).
Your rubbery body absorbs attacks. (AC +1, EV +1)
((You are camouflaged when in or above water. (Stealth+)))
You have tentacles for arms and can constrict up to eight enemies at once.


Message History

Aim: a goblin, wielding a +0 spear (unable to see you, chance to affect: 72%)
The goblin is charmed.
Joseph shoots a sling bullet.
You reflect the sling bullet off an invisible shield around you!
The sling bullet barely misses Joseph.
The sling bullet misses your goblin.
Unknown command.
Aiming: Charm
Press: ? - help, Shift-Dir - straight line, f - goblin, p - goblin
Aim: a goblin, wielding a +0 spear (unable to see you, chance to affect: 72%)
The goblin struggles to resist.
Your goblin hits the goblin with a +0 spear.
The goblin closely misses your goblin.
Joseph shoots a sling bullet.
The sling bullet barely misses you.
Your goblin hits the goblin from afar with a +0 spear.
The goblin dies!
Cheibriados appreciates the change of pace.
You can now bend time to slow others.
Cheibriados raises the support of your attributes as your movement slows.
Casting: Stone Arrow (dangerous; 2% risk of failure)
Confirm with . or Enter, or press ? or * to list all spells.
Aiming: Stone Arrow (dangerous; 2% risk of failure)
Press: ? - help, Shift-Dir - straight line, f - Joseph
Aim: Joseph, wielding a +0 sling and wearing a +1 ring mail of willpower (heavily wounded, unable to see you, ally target, 77% to hit)
The stone arrow hits Joseph.
Joseph is severely wounded.
Your goblin hits Joseph but does no damage.
Joseph shoots a sling bullet.
The sling bullet hits you!
* * * LOW HITPOINT WARNING * * *
Your goblin splashes around in the water.
Unknown command.
Aiming: Charm
Press: ? - help, Shift-Dir - straight line, f/p - Joseph
Aim: Joseph, wielding a +0 sling and wearing a +1 ring mail of willpower (severely wounded, unable to see you, ally target, chance to affect: 11%)
Okay, then.
Aiming: Quicksilver Bolt
Press: ? - help, Shift-Dir - straight line, f/p - Joseph
Aim: Joseph, wielding a +0 sling and wearing a +1 ring mail of willpower (severely wounded, unable to see you, ally target, 75% to hit)
The bolt of dispelling energy misses Joseph.
Your goblin barely misses Joseph.
Joseph shoots a sling bullet.
The sling bullet hits you!
You die...

#####* #....##### #........#
########### #..≈≈g≈≈.#
#.........# #..≈..@≈.##
#....<....# ** ****#..≈>g)≈.@#
#.........#
,***,,,...≈...≈..###.........#
,,**,,,...≈≈≈≈≈..............#
,,,*,,,............#.........#
,,,*,,,.......^.########..).#####
,,,*,,,.....#####*****##.#).)....
,,**,,,....#***,,,,,*.....))).##.
,***,,,./..,,*,,,,,,,.....).#..##
,***,,,,..*,,,,,,,,.........##..#


You could see Joseph (unable to see you, ally target) and 2 friendly goblins.

Vanquished Creatures
  A hornet (D:6)
  2 black bears
  2 phantoms
  An elf zombie (Ossuary)
  A kobold brigand (D:6)
  3 necrophages
  2 bullfrogs (D:6)
  A scorpion (D:7)
  4 wights (D:6)
  A human zombie (Ossuary)
  A centaur zombie (Ossuary)
  2 hounds
  2 orc priests (D:4)
  A gnoll bouda (D:5)
  2 jellies (D:5)
  Ijyb (D:3)
  6 iguanas
  5 orc wizards
  5 hound zombies (Ossuary)
  3 mummies (Ossuary)
  Robin (D:4)
  6 river rats (D:5)
  7 adders
  4 gnolls (D:5)
  2 shadow imps
  3 white imps
  An ufetubus (D:5)
  4 adder zombies (Ossuary)
  3 worms
  4 dart slugs
  12 orcs
  9 bats
  5 endoplasms
  3 giant cockroaches
  A gnoll zombie (Ossuary)
  15 goblins
  8 hobgoblins
  9 jackals
  8 quokkas
  5 ball pythons
  6 frilled lizards
  A goblin zombie (Ossuary)
  2 hobgoblin zombies (Ossuary)
  6 jackal zombies (Ossuary)
  10 kobolds
  6 kobold zombies (Ossuary)
  2 orc zombies (Ossuary)
  2 quokka zombies (Ossuary)
  21 rats
  5 rat zombies (Ossuary)
217 creatures vanquished.

Vanquished Creatures (collateral kills)
  A killer bee (D:7)
  2 orc priests (D:7)
  An iguana (D:7)
  An orc wizard (D:7)
  An adder (D:5)
  4 orcs (D:7)
  A goblin (D:7)
11 creatures vanquished.

Vanquished Creatures (others)
  A scorpion (D:7)
  A killer bee (D:7)
  A gnoll (D:5)
  An orc (D:4)
4 creatures vanquished.

Grand Total: 232 creatures vanquished

Notes
Turn   | Place    | Note
-------+----------+-------------------------------------------
     0 | D:1      | Ijustatesigmund the Octopode Earth Elementalist began the
                  | quest for the Orb.
     0 | D:1      | Reached XP level 1. HP: 11/11 MP: 3/3
    52 | D:1      | Found a faded altar of an unknown god.
   190 | D:1      | Reached XP level 2. HP: 17/17 MP: 0/5
   905 | D:1      | Identified a scroll of acquirement
   905 | D:1      | Acquired the +1 hat "Gelem" {Drain Int+4 Slay+2}
   918 | D:1      | Reached XP level 3. HP: 21/21 MP: 3/6
  1120 | D:2      | Learned a level 3 spell: Stone Arrow
  1221 | D:1      | Learned a level 2 spell: Passwall
  1609 | D:2      | Reached skill level 3 in Spellcasting
  1609 | D:2      | Reached skill level 1 in Conjurations
  1757 | D:2      | Reached XP level 4. HP: 27/27 MP: 5/8
  2224 | D:3      | Noticed Ijyb
  2237 | D:3      | Killed Ijyb
  2573 | D:3      | Reached XP level 5. HP: 23/31 MP: 5/10
  3297 | D:4      | Noticed Robin
  3304 | D:4      | Killed Robin
  3858 | D:4      | Reached skill level 4 in Spellcasting
  3859 | D:4      | Reached XP level 6. HP: 36/36 MP: 8/12
  4022 | D:4      | Found a white marble altar of Elyvilon.
  4023 | D:4      | Found a shadowy altar of Dithmenos.
  4212 | D:4      | Found a runed translucent gate.
  4213 | D:4      | Found a runed translucent gate.
  4215 | D:4      | Found a runed translucent gate.
  4217 | D:4      | Noticed fly's ghost (weakling DgDe)
  4218 | D:4      | Identified the +6 mace "Quuts" {vorpal, *Slow rC+ Dex+4}
  4218 | D:4      | Identified the +3 leather armour of Bitterness {+Inv Will-
                  | Int+3}
  4316 | D:4      | Reached skill level 1 in Fighting
  4316 | D:4      | Reached skill level 1 in Evocations
  4581 | D:5      | Entered Level 5 of the Dungeon
  4581 | D:5      | Found Fiockug's Antique Armour Emporium.
  4638 | D:5      | Reached XP level 7. HP: 10/43 MP: 2/13
  4661 | D:5      | Found Mufakuecw's Distillery.
  4665 | D:5      | Bought a potion of curing for 33 gold pieces
  4665 | D:5      | Bought a potion of heal wounds for 55 gold pieces
  4665 | D:5      | Bought a potion of curing for 33 gold pieces
  4695 | D:5      | Found Ymaafuid's Assorted Antiques.
  4701 | D:5      | Bought a scroll labelled VEOX UTINETT for 32 gold pieces
  4701 | D:5      | Bought a glowing coppery potion for 28 gold pieces
  4701 | D:5      | Bought an orange potion for 28 gold pieces
  4717 | D:5      | Found Wish's Armour Shop.
  4787 | D:5      | Found a sand-covered staircase.
  4792 | Ossuary  | Entered an ossuary
  5289 | Ossuary  | Reached skill level 1 in Maces & Flails
  5544 | D:5      | Bought a +0 buckler for 49 gold pieces
  5587 | D:5      | Found Xashacla's Assorted Antiques.
  6142 | D:5      | Reached XP level 8. HP: 50/50 MP: 8/15
  6205 | D:5      | Reached skill level 5 in Spellcasting
  6213 | D:5      | Reached skill level 1 in Shields
  7193 | D:6      | Noticed a hornet
  7200 | D:6      | Killed a hornet
  7201 | D:6      | Reached skill level 5 in Conjurations
  7324 | D:6      | Reached skill level 5 in Earth Magic
  7334 | D:6      | Reached XP level 9. HP: 54/54 MP: 0/17
  7453 | D:6      | Reached skill level 6 in Spellcasting
  7638 | D:6      | Found a shimmering altar of Xom.
  7639 | D:6      | Found a shimmering altar of Xom.
  7773 | D:6      | Found a staircase to the Ecumenical Temple.
  7986 | Temple   | Entered the Ecumenical Temple
  8045 | Temple   | Became a worshipper of Cheibriados the Contemplative
  8050 | Temple   | Learned a level 3 spell: Mephitic Cloud
  8199 | D:6      | Found a shimmering altar of Xom.
  8199 | D:6      | Found a shimmering altar of Xom.
  8200 | D:6      | Found a shimmering altar of Xom.
  8315 | D:7      | Reached skill level 1 in Poison Magic
  8393 | D:7      | Reached skill level 1 in Air Magic
  8393 | D:7      | Reached skill level 1 in Invocations
  8417 | D:7      | Found a flagged portal.
  8418 | D:7      | Noticed Joseph
  8436 | D:7      | Reached * piety under Cheibriados
  8438 | D:7      | Shot with a sling bullet by Joseph

Illustrated notes

Levels and vault maps discovered:
D:1:      sevenhm_arrival_forest_fort_small_3, layout_basic,
          ebering_ecumenical_altar_box
D:2:      layout_rooms
D:3:      layout_loops_ring, uniq_ijyb
D:4:      layout_loops_ring, mainiacjoe_overflow_divided_tiny,
          biasface_ghost_orc_armoury, uniq_robin
D:5:      lemuel_ratsnest, layout_basic, serial_shops,
          nicolae_shop_advertising_works [nicolae_subvault_shop_adworks],
          nicolae_shop_hallway_plus, nicolae_stop_n_shop_2,
          nicolae_stop_n_shop_1, kennysheep_mini_moat, enter_ossuary_5
D:6:      layout_basic, xom_redecorated, minmay_temple_entry_waves
D:7:      layout_rooms, enter_bailey_5, amcnicky_mini_pool_medium, uniq_joseph
Temple:   hellmonk_temple_of_storms

Skill      XL: |  1  2  3  4  5  6  7  8  9 |
---------------+----------------------------+-----
Spellcasting   | 3 4 5 6 |  6.3
Conjurations   | 1 2 3 4 5 |  5.9
Fighting       | 1 2 3 |  3.0
Evocations     | 1 2 |  2.7
Dodging        | 3 |  3.3
Maces & Flails | 1 |  1.2
Shields        | 3 |  3.4
Earth Magic    | 5 |  5.5
Poison Magic   | 1 |  1.6
Air Magic      | 1 |  1.2
Invocations    | 1 |  1.2
Stealth        | |  2.6
Transmutations | |  1.6

Action                   |  1- 3 |  4- 6 |  7- 9 || total
-------------------------+-------+-------+-------++-------
Melee: Short sword       |     5 |       |       ||     5
       Tentacles         |     4 |    13 |    29 ||    46
       Constrict         |     4 |    12 |    35 ||    51
       Dagger            |     3 |    38 |       ||    41
       Flail             |       |     5 |   140 ||   145
       Punch             |       |       |     1 ||     1
 Cast: Sandblast         |    41 |    46 |    16 ||   103
       Stone Arrow       |       |    11 |    54 ||    65
       Passwall          |       |       |     2 ||     2
Evoke: Wand              |       |     6 |    20 ||    26
  Use: Scroll            |     4 |     9 |     7 ||    20
       Potion            |       |     2 |     5 ||     7
 Stab: Sleeping          |       |     2 |     3 ||     5
Armor: Skin              |       |     3 |    25 ||    28
Dodge: Dodged            |    25 |    44 |   103 ||   172
Block: Other             |     1 |    11 |    24 ||    36
       Buckler           |       |       |    44 ||    44
       Reflection        |       |       |     6 ||     6

Table legend: (Time is in decaauts)
 A = Elapsed time spent in this place.
 B = Non-inter-level travel time spent in this place.
 C = Inter-level travel time spent in this place.
 D = Time resting spent in this place.
 E = Time spent auto-exploring this place.
 F = Levels seen in this place.
 G = Mean time per level.
                   A        B        C        D        E       F      G
               +--------+--------+--------+--------+--------+-----+--------+
         Total |   8673 |   8504 |    169 |   2666 |   4357 |   9 |  963.7 |
       Dungeon |   7858 |   7714 |    144 |   2369 |   4061 |   7 | 1122.6 |
        Temple |     89 |     64 |     25 |      0 |     18 |   1 |   89.0 |
       Ossuary |    725 |    725 |      0 |    297 |    278 |   1 |  725.0 |
               +--------+--------+--------+--------+--------+-----+--------+

Top non-repeatable levels by time:
     D:5: 1691 daAuts
     D:4: 1569 daAuts
     D:6: 1288 daAuts
     D:1: 1178 daAuts
     D:3: 1081 daAuts
     D:2: 860 daAuts
 Ossuary: 725 daAuts
     D:7: 187 daAuts
  Temple: 89 daAuts
